Map: Heavy Artillery LE

Players

Groseilles

  • Race: Zerg Zerg
  • Spawn Location: 7:00

Eigle

  • Race: Protoss Protoss
  • Spawn Location: 7:00

qqq

  • Race: Zerg Zerg
  • Spawn Location: 3:00

Massa

  • Race: Terran Terran
  • Spawn Location: 1:00

VOD

Have the link to the VOD?

Description

Time

  • Played on: Oct. 2, 2020, 3:12 p.m.
  • Length: 6:10
Show
View Real Time Build Order
Export as new Build Order

Groseilles Zerg 

Build Orders: Hatch First, Zergling Baneling 

Get SALT Encoding   

  12  0:00  Drone  
  13  0:13  Overlord  
  13  0:17  Drone  
  14  0:31  Drone x2  
  14  0:35  Drone  
  17  0:46  Drone  
  18  0:55  Hatchery  
  17  0:58  Drone  
  17  1:02  Extractor  
  17  1:14  Spawning Pool  
  17  1:17  Drone  
  17  1:20  Drone  
  18  1:30  Drone  
  19  1:56  Overlord  
  19  2:04  Queen  
  19  2:07  Queen  
  23  2:09  Zergling x4  
  23  2:10  Zergling x2  
  23  2:11  Drone  
  27  2:19  Spine Crawler  
  27  2:51  Drone x3  
  27  2:52  Drone x3  
  27  2:55  Metabolic Boost  
  32  3:00  Baneling Nest  
  32  3:03  Drone  
  32  3:05  Overlord  
  32  3:25  Zergling x2  
  32  3:26  Zergling x14  
  40  3:48  Zergling x2  
  40  3:49  Zergling x6  
  40  3:51  Baneling x3  
  40  3:52  Baneling x3  
  44  4:00  Roach Warren  
  43  4:05  Drone  
  43  4:06  Overlord  
  44  4:16  Hatchery  
  32  4:33  Baneling x2  
  32  4:34  Baneling, Zergling x2  
  32  4:35  Zergling x12  
  32  4:36  Zergling x6  
  42  4:42  Zergling x4  
  42  4:50  Zergling x2  
  42  4:51  Zergling x2  
  43  4:58  Zergling x2  
  43  4:59  Zergling x2  
  45  5:04  Zergling x2  
  45  5:09  Zergling x2  
  45  5:18  Baneling x5  
  45  5:19  Baneling x2  
  45  5:20  Zergling x2  
  45  5:21  Zergling x2  
  44  5:32  Drone x5  
  44  5:33  Drone, Queen  
Show
View Real Time Build Order
Export as new Build Order

Eigle Protoss 

Build Orders: Dark Templar Rush 

Get SALT Encoding   

  12  0:00  Probe  
  13  0:12  Probe  
  14  0:18  Pylon  
  14  0:25  Probe  
  15  0:29  Assimilator  
  15  0:39  Gateway  
  15  0:43  Probe  
  15  0:49  Assimilator  
  16  0:55  Probe (Chrono Boost)  
  18  1:05  Probe (Chrono Boost), Pylon  
  18  1:10  Probe (Chrono Boost)  
  19  1:31  Probe, Cybernetics Core  
  20  1:44  Probe  
  21  1:47  Pylon  
  21  1:56  Probe  
  21  1:59  Gateway  
  22  2:09  Twilight Council  
  22  2:19  Robotics Facility  
  22  2:22  Warp Gate (Chrono Boost)  
  22  2:49  Dark Shrine  
  22  2:52  Gateway  
  22  2:53  Gateway  
  22  3:07  Warp Prism  
  24  4:01  Dark Templar x2  
  24  4:02  Dark Templar x2  
  32  4:19  Pylon  
  32  4:20  Pylon  
  32  4:34  Zealot x3  
  32  5:01  Zealot x4  
  30  5:25  Stalker x2  
  30  5:27  Zealot  
Show
View Real Time Build Order
Export as new Build Order

qqq Zerg 

Build Orders: Hatch First 

Get SALT Encoding   

  12  0:02  Drone  
  13  0:09  Drone  
  14  0:36  Hatchery  
  13  0:45  Drone  
  14  1:00  Spawning Pool  
  14  1:03  Overlord  
  13  1:07  Drone  
  13  1:11  Extractor  
  13  1:14  Drone  
  14  1:29  Drone  
  14  1:30  Drone  
  16  1:37  Drone  
  18  1:54  Drone  
  18  2:04  Spine Crawler  
  18  2:05  Drone x2  
  18  2:07  Drone  
  20  2:09  Queen  
  20  2:12  Drone  
  23  2:17  Drone  
  24  2:23  Metabolic Boost  
  24  2:39  Drone  
  24  2:40  Drone  
  24  2:41  Zergling x2  
  24  2:42  Zergling x2, Overlord  
  28  2:55  Overlord  
  28  3:00  Queen  
  30  3:05  Drone  
  30  3:06  Drone x2  
  30  3:07  Zergling x2  
  34  3:17  Zergling x2  
  35  3:20  Drone  
  35  3:27  Drone  
  37  3:33  Hatchery  
  36  3:35  Roach Warren  
  35  3:46  Drone, Zergling x2  
  35  3:47  Zergling x2  
  35  3:48  Drone x2  
  40  3:53  Zergling x6  
  40  3:55  Overlord  
  44  4:02  Zergling x2  
  44  4:09  Overlord  
  38  4:35  Roach x5  
  38  4:36  Drone x2  
  41  4:47  Roach  
  41  4:48  Roach x2  
  41  4:51  Lair  
  37  5:00  Drone x2  
  39  5:13  Spore Crawler  
  36  5:17  Roach x2  
  36  5:18  Drone, Roach  
  36  5:19  Drone x3  
  40  5:40  Roach x2  
  40  5:42  Drone x4  
Show
View Real Time Build Order
Export as new Build Order

Massa Terran 

Build Orders: 2 Factory 

Get SALT Encoding   

  12  0:00  SCV  
  13  0:12  SCV  
  14  0:23  Supply Depot  
  14  0:24  SCV  
  15  0:33  Refinery  
  15  0:45  SCV  
  15  0:46  Barracks  
  16  0:55  Refinery  
  16  0:57  SCV  
  17  1:09  SCV  
  18  1:21  SCV  
  19  1:33  SCV  
  19  1:34  Factory, Marine  
  21  1:45  Orbital Command  
  21  1:58  Reaper  
  22  2:04  Supply Depot  
  22  2:11  SCV  
  23  2:23  Factory  
  23  2:30  Factory Tech Lab  
  23  2:36  Supply Depot  
  23  2:39  Barracks Tech Lab  
  23  2:41  SCV  
  24  2:51  Command Center  
  24  2:53  SCV  
  24  2:57  Siege Tank  
  28  3:08  Factory Tech Lab  
  28  3:14  SCV  
  28  3:18  Starport  
  29  3:26  SCV  
  30  3:40  SCV  
  31  3:48  Command Center  
  31  3:51  Marine  
  31  3:53  SCV  
  33  3:58  Siege Tank  
  36  4:06  Orbital Command  
  36  4:11  Refinery  
  36  4:16  Siege Tank  
  35  4:47  Siege Tank  
  38  4:57  Marine  
  37  5:02  Orbital Command  
  27  5:15  Marine  
  27  5:33  Marine  
  23  5:51  Marine  
  23  5:54  SCV  
  23  5:55  SCV  
Tags
 
Add a new tag
Caveats
  • Supply blocks, unpowered buildings, or Contaminate may cause inaccurate times.
  • Supply counts are checked every 10 seconds.